 Dungeon Crawl Stone Soup version 0.26.1-11-gd32895ea62 (webtiles) character file.

Game seed: 9515209808927736848

5619 Doot the Thaumaturge (level 10, -5/49 (52) HPs)
             Began as a Deep Elf Conjurer on May 17, 2021.
             Was a Priest of Sif Muna.
             Slain by a necrophage (7 damage)
             ... on level 9 of the Dungeon on May 18, 2021.
             The game lasted 00:23:30 (11585 turns).

Doot the Thaumaturge (Deep Elf Conjurer)           Turns: 11585, Time: 00:23:31

HP:   -5/49 (52)    AC:  6    Str:  4    XL:     10   Next: 45%
MP:   2/27          EV: 15    Int: 27    God:    Sif Muna [***...]
Gold: 463           SH:  0    Dex: 19    Spells: 18/32 levels left

rFire    + . .     SeeInvis .   C - +3 quarterstaff (chaos)
rCold    . . .     Faith    .   (shield currently unavailable)
rNeg     . . .     Spirit   .   A - +2 robe
rPois    +         Reflect  .   (no helmet)
rElec    .         Harm     .   B - +0 cloak {rPois}
rCorr    .         Rampage  .   z - +0 pair of gloves
Will     +....                  (no boots)
Stlth    +++.......             (no amulet)
HPRegen  0.16/turn              t - +6 ring of dexterity
MPRegen  0.20/turn              p - ring of protection from fire

@: drained
A: no striking features
a: Renounce Religion, Channel Magic, Forget Spell


You were on level 9 of the Dungeon.
You worshipped Sif Muna.
Sif Muna was most pleased with you.
You visited 1 branch of the dungeon, and saw 9 of its levels.
You also visited: Sewer.

You collected 463 gold pieces.

Inventory:

Hand Weapons
 d - a +0 dagger
 r - a +2 hand axe of electrocution
 C - a +3 quarterstaff of chaos (weapon)
Missiles
 s - 7 curare-tipped darts
 v - 19 poisoned darts
Armour
 a - a +0 robe
 j - a +0 leather armour
 z - a +0 pair of gloves (worn)
 A - a +2 robe (worn)
 B - a +0 cloak of poison resistance (worn)
Jewellery
 p - a ring of protection from fire (right hand)
 t - a +6 ring of dexterity (left hand)
 D - an uncursed ring of resist corrosion
 F - an uncursed ring of protection from cold
Wands
 e - a wand of polymorph (15)
 w - a wand of iceblast (14)
 I - a wand of random effects (16)
 J - a wand of acid (10)
Scrolls
 h - 3 scrolls of amnesia
 i - 2 scrolls of magic mapping
 k - 3 scrolls of noise
 n - 6 scrolls of fog
 o - 2 scrolls of remove curse
 q - 2 scrolls of fear
 y - 5 scrolls of identify
 E - a scroll of immolation {unknown}
 K - a scroll of blinking {unknown}
 L - a scroll of silence {unknown}
Potions
 b - 3 potions of might
 c - 2 potions of mutation {unknown}
 f - 3 potions of lignification {unknown}
 g - 4 potions of attraction {unknown}
 l - 4 potions of heal wounds {unknown}
 m - 2 potions of ambrosia {unknown}
 u - 3 potions of flight {unknown}
 x - 6 potions of curing
 G - a potion of invisibility {unknown}
 H - a potion of haste {unknown}


   Skills:
 + Level 1.4 Fighting
 + Level 1.1 Axes
 + Level 0.2 Staves
 + Level 1.0 Throwing
 + Level 4.7 Dodging
 + Level 5.8 Stealth
 + Level 11.9 Spellcasting
 + Level 10.8 Conjurations
 + Level 1.1 Hexes
 + Level 2.6 Translocations
 + Level 4.4 Earth Magic
 - Level 4.0 Invocations


You had 18 spell levels left.
You knew the following spells:

 Your Spells              Type           Power        Failure   Level
a - Magic Dart            Conj           100%         1%          1
b - Searing Ray           Conj           100%         1%          2
c - Iskenderun's Mystic   Conj/Tloc      51%          2%          4
d - Fulminant Prism       Conj/Hex       24%          3%          4
e - Stone Arrow           Conj/Erth      100%         1%          3

Your spell library contained the following spells:

 Spells                   Type           Power        Failure   Level
 Sandblast                Erth           80%          1%          1
 Dazzling Flash           Conj/Hex       96%          1%          3
 Passwall                 Tmut/Erth      23%          2%          2
 Gell's Gravitas          Tloc           15%          3%          3
 Confusing Touch          Hex            22%          7%          3
 Petrify                  Tmut/Erth      28%          14%         4
 Lee's Rapid Deconstruct  Erth           20%          16%         5
 Metabolic Englaciation   Hex/Ice        9%           61%         5
 Yara's Violent Unravell  Hex/Tmut       9%           61%         5


Dungeon Overview and Level Annotations

Branches:
Dungeon (9/15)             Temple (0/1) D:6           Sewer (visited)
   Lair: D:8-11         Orc: D:9-12

Altars:
Cheibriados
Ru
Sif Muna
Jiyva


Message History

You hit the necrophage.
The necrophage is heavily damaged.
An orc priest comes into view.
The necrophage closely misses you. The orc priest barely misses you.
An orc comes into view. It is wielding a +0 flail.
You hit the necrophage.
The necrophage flickers and vanishes!
Deactivating autopickup; reactivate with Ctrl-A.
Something hits you.
The orc priest hits you from afar with a +0 trident.
* * * LOW HITPOINT WARNING * * *
Something hits you but does no damage.
The orc priest hits you from afar with a +0 trident.
* * * LOW HITPOINT WARNING * * *
Something barely misses you.
You see here a +0 flail.
An orc comes into view. It is wielding a +0 halberd.
The orc priest hits you from afar with a +0 trident!
* * * LOW HITPOINT WARNING * * *
Something hits you!
You die...

#.##.# #n##.# #o##.#
#Z##.# #####.##.#
#...oo##)# #..o.oo)(# ...
#.#####{)# ..Y # #.@# ...
#.<# #.# #..# #Y# #..#
#.# #..# #Y# #..# #.#
#######..# #.#
#........##.#####.#
#######...........##....#


You could see 2 orc priests and 2 orcs.

Vanquished Creatures
  A two-headed ogre (D:8)
  An oklob plant (D:7)
  A queen bee (D:9)
  Sigmund (D:4)
  A yak (D:9)
  Menkaure (D:6)
  Edmund (D:5)
  Duvessa (D:6)
  A water moccasin (D:9)
  An orc warrior (D:7)
  Purgy (Sewer)
  An ice beast (D:8)
  A phantom (D:5)
  2 black bears
  A necrophage (D:7)
  5 ogres
  4 centaurs
  Blork the orc (D:6)
  4 bullfrogs
  A water moccasin zombie (D:5)
  Dowan (D:6)
  2 scorpions (D:9)
  5 killer bees (D:8)
  8 wights
  A quasit (D:9)
  A centaur zombie (D:8)
  2 orc priests (D:8)
  Crazy Yiuf (D:2)
  2 hounds
  4 jellies (D:8)
  3 iguanas
  Ijyb (D:4)
  Terence (D:2)
  8 orc wizards
  4 worker ants
  2 hound skeletons
  4 worker ant zombies
  12 adders
  4 shadow imps
  4 white imps
  3 ufetubi
  3 oozes
  An adder skeleton (D:4)
  4 worms
  3 dart slugs
  9 leopard geckos
  33 orcs
  8 giant cockroaches
  6 goblins
  3 hobgoblins
  11 jackals
  5 kobolds
  4 quokkas
  A ball python (D:5)
  A ball python skeleton (D:5)
  8 bats
  2 frilled lizards
  4 leopard gecko skeletons
  A quokka skeleton (D:4)
  5 rats
216 creatures vanquished.

Vanquished Creatures (others)
  8 fulminant prisms
8 creatures vanquished.

Grand Total: 224 creatures vanquished

Notes
Turn   | Place    | Note
-------+----------+-------------------------------------------
     0 | D:1      | Doot the Deep Elf Conjurer began the quest for the Orb.
     0 | D:1      | Reached XP level 1. HP: 10/10 MP: 6/6
   192 | D:2      | Reached XP level 2. HP: 15/15 MP: 6/8
   226 | D:2      | Learned a level 2 spell: Searing Ray
   342 | D:2      | Reached skill level 5 in Conjurations
   506 | D:3      | Found a faded altar of an unknown god.
   539 | D:3      | Found a shimmering blue altar of Sif Muna.
   548 | D:3      | Became a worshipper of Sif Muna the Loreminder
   862 | D:1      | Reached XP level 3. HP: 12/19 MP: 3/10
  1590 | D:2      | Found a runed translucent door.
  1591 | D:2      | Noticed Crazy Yiuf
  1691 | D:2      | Noticed Terence
  1771 | D:2      | Reached skill level 4 in Spellcasting
  1921 | D:2      | Reached XP level 4. HP: 24/24 MP: 9/12
  1926 | D:2      | Learned a level 4 spell: Iskenderun's Mystic Blast
  1931 | D:2      | Learned a level 4 spell: Fulminant Prism
  1946 | D:2      | Reached * piety under Sif Muna
  2776 | D:4      | Noticed Sigmund
  2779 | D:4      | Reached skill level 1 in Invocations
  2782 | D:4      | Killed Sigmund
  2783 | D:4      | Reached skill level 5 in Spellcasting
  2783 | D:4      | Reached XP level 5. HP: 16/28 MP: 5/15
  2783 | D:4      | Reached XP level 6. HP: 18/32 MP: 5/16
  3021 | D:4      | Noticed Ijyb
  3035 | D:5      | Entered Level 5 of the Dungeon
  3171 | D:5      | Reached ** piety under Sif Muna
  3172 | D:5      | Reached skill level 6 in Spellcasting
  3390 | D:5      | Reached XP level 7. HP: 18/36 MP: 0/18
  3440 | D:5      | Found a glowing drain.
  3449 | Sewer    | Entered a sewer
  3709 | Sewer    | Noticed Purgy
  3732 | Sewer    | Killed Purgy
  4030 | D:5      | Found a sacrificial altar of Ru.
  4101 | D:5      | Reached skill level 7 in Spellcasting
  4857 | D:6      | Reached XP level 8. HP: 42/42 MP: 15/21
  4935 | D:6      | Noticed Blork the orc
  4951 | D:6      | Reached skill level 1 in Fighting
  4953 | D:6      | Killed Blork the orc
  4954 | D:6      | Reached skill level 1 in Translocations
  4960 | D:6      | Noticed Edmund
  4970 | D:6      | Noticed Menkaure
  4975 | D:5      | Killed Edmund
  4976 | D:5      | Reached skill level 8 in Spellcasting
  5169 | D:6      | Killed Menkaure
  5234 | D:6      | Noticed Duvessa
  5360 | D:6      | Killed Duvessa
  5360 | D:6      | Noticed Dowan
  5361 | D:6      | Reached skill level 1 in Axes
  5577 | D:6      | Killed Dowan
  5578 | D:6      | Reached skill level 1 in Throwing
  5712 | D:6      | Found a staircase to the Ecumenical Temple.
  6083 | D:2      | Killed Terence
  6084 | D:2      | Reached skill level 9 in Spellcasting
  6457 | D:2      | Killed Crazy Yiuf
  6581 | D:4      | Killed Ijyb
  7200 | D:4      | Learned a level 3 spell: Stone Arrow
  7562 | D:7      | Reached skill level 1 in Hexes
  7634 | D:7      | Reached XP level 9. HP: 36/47 MP: 14/24
  7709 | D:7      | Reached skill level 5 in Stealth
  7991 | D:7      | Reached skill level 10 in Spellcasting
  8109 | D:7      | Found a snail-covered altar of Cheibriados.
  8110 | D:7      | Noticed an oklob plant
  8199 | D:7      | Lost strength.
  8402 | D:7      | Reached *** piety under Sif Muna
  9617 | D:7      | Killed an oklob plant
  9618 | D:7      | Reached skill level 1 in Earth Magic
  9757 | D:8      | Found a viscous altar of Jiyva.
  9762 | D:8      | Reached skill level 11 in Spellcasting
 10224 | D:8      | Found a sacrificial altar of Ru.
 10535 | D:8      | Reached skill level 10 in Conjurations
 10803 | D:8      | Noticed a two-headed ogre
 10905 | D:8      | Killed a two-headed ogre
 10906 | D:8      | Reached XP level 10. HP: 52/52 MP: 15/27
 11585 | D:9      | HP: 2/49 [orc priest/+0 trident (7)]
 11585 | D:9      | Slain by a necrophage

Illustrated notes

Levels and vault maps discovered:
D:1:      amcnicky_arrival_gap_in_the_tavern_cellar, layout_basic
D:2:      layout_loops_ring, lemuel_statue_altar, uniq_terence,
          uniq_crazy_yiuf_cottage
D:3:      layout_basic, overflow_temple_1_default,
          chequers_ecumenical_altar_simple_redux, grunt_decor_resistance
D:4:      layout_basic, uniq_ijyb, uniq_sigmund
D:5:      minmay_evil_eye, layout_gridville, portal_sewer_entry_d,
          hangedman_ru_absence
D:6:      layout_rooms, temple_green, uniq_blork_the_orc, uniq_menkaure,
          uniq_duvessa, uniq_edmund
D:7:      layout_loops_corners, lemuel_oklob_altar
D:8:      layout_rooms, basic_altar, chequers_garden, jiyva_altar_1
D:9:      layout_loops_ring, hiddenorc2_lemuel, enter_bailey_2,
          grunt_ministairs_3

Skill      XL: |  1  2  3  4  5  6  7  8  9 10 |
---------------+-------------------------------+-----
Conjurations   | 5 6 7 8 10 | 10.8
Spellcasting   | 4 5 6 7 9 11 | 11.9
Invocations    | 1 2 3 4 |  4.0
Stealth        | 3 4 5 |  5.8
Dodging        | 3 4 |  4.7
Fighting       | 1 |  1.4
Translocations | 1 2 |  2.6
Axes           | 1 |  1.1
Throwing       | 1 |  1.0
Hexes          | 1 |  1.1
Earth Magic    | 3 4 |  4.4
Staves         | |  0.2

Action                   |  1- 3 |  4- 6 |  7- 9 | 10-12 || total
-------------------------+-------+-------+-------+-------++-------
Melee: Dagger            |     1 |     1 |       |       ||     2
       Hand axe          |       |     3 |     5 |       ||     8
       Quarterstaff      |       |       |     1 |    19 ||    20
Throw: Dart              |       |       |     3 |       ||     3
 Cast: Magic Dart        |    65 |    37 |    15 |     1 ||   118
       Searing Ray       |     2 |    16 |    55 |     2 ||    75
       Fulminant Prism   |       |     1 |     5 |     2 ||     8
       Iskenderun's Myst |       |       |    16 |     9 ||    25
       Stone Arrow       |       |       |    61 |    16 ||    77
  Use: Scroll            |       |       |     8 |       ||     8
 Stab: Sleeping          |     1 |       |       |       ||     1
Armor: Robe              |     2 |     1 |     9 |     4 ||    16
Dodge: Dodged            |     8 |    13 |    36 |    32 ||    89
